Map: Newkirk Precinct TE (Void)

Players

Contrajoe - Winner!

  • Race: Terran Terran
  • League: Gold
  • Spawn Location: 7:00

TaylorGang

  • Race: Terran Terran
  • League: Bronze
  • Spawn Location: 5:00

VOD

Have the link to the VOD?

Description

Ravens TvT once more following Ketroc's style

Time

  • Played on: May 1, 2017, 11:23 a.m.
  • Length: 17:29
Show
View Real Time Build Order
Export as new Build Order

Contrajoe Terran - Winner!

Build Orders: Command Center First (CC) 

Get SALT Encoding   

  12  0:01  SCV  
  13  0:15  SCV  
  14  0:27  Supply Depot  
  14  0:31  SCV  
  15  0:48  SCV  
  16  1:01  Command Center, SCV  
  17  1:20  Engineering Bay  
  17  1:29  Barracks  
  17  1:30  Refinery  
  17  1:34  SCV  
  18  1:46  SCV  
  19  1:58  SCV  
  19  1:59  Refinery  
  20  2:11  SCV  
  21  2:17  Marine  
  22  2:32  SCV x2  
  24  2:38  Factory  
  24  2:41  Barracks Tech Lab  
  24  2:52  SCV x2  
  26  3:04  Orbital Command  
  26  3:05  Planetary Fortress  
  26  3:08  Marauder  
  28  3:16  Concussive Shells  
  28  3:27  Factory Tech Lab  
  28  3:34  SCV, Refinery  
  28  3:35  Refinery  
  28  3:41  Marauder  
  31  3:48  Starport  
  31  4:02  Hellion  
  33  4:03  SCV  
  34  4:14  Marauder  
  36  4:22  Starport  
  36  4:36  Corvid Reactor  
  36  4:49  Factory Tech Lab  
  36  4:54  Raven  
  38  5:03  Supply Depot  
  38  5:13  Supply Depot  
  38  5:15  Starport Tech Lab  
  38  5:18  Supply Depot  
  38  5:24  SCV x2  
  38  5:25  Missile Turret  
  38  5:26  Missile Turret  
  38  5:27  Missile Turret  
  38  5:36  SCV x2  
  38  5:41  Raven  
  42  5:42  Recalibrated Explosives  
  42  5:58  SCV x2  
  44  6:12  Missile Turret  
  44  6:18  Missile Turret  
  44  6:21  Missile Turret  
  44  6:22  Missile Turret  
  44  6:23  Siege Tank  
  44  6:25  Raven  
  49  6:31  Command Center, Raven  
  51  6:41  Infernal Pre-Igniter  
  51  6:42  SCV  
  52  7:16  Raven x2  
  52  7:22  SCV x2  
  58  7:29  Command Center  
  58  7:35  Hi-Sec Auto Tracking  
  58  7:43  Supply Depot  
  58  7:50  Planetary Fortress  
  58  7:51  Refinery  
  58  8:00  Starport  
  42  8:50  Raven x2  
  45  9:16  Planetary Fortress  
  45  9:17  Starport Tech Lab  
  45  9:31  SCV x2  
  47  9:43  SCV x2  
  31  10:04  Command Center  
  31  10:10  Barracks  
  31  10:11  SCV  
  31  10:12  SCV x2  
  31  10:14  Engineering Bay  
  34  10:19  Refinery, Raven  
  34  10:20  Raven  
  38  10:23  SCV  
  38  10:24  SCV x2  
  41  10:36  SCV x3  
  40  11:31  SCV  
  41  11:42  Raven x2  
  41  11:43  SCV x4  
  49  11:55  SCV x3  
  43  12:36  Marine  
  44  12:38  Planetary Fortress  
  46  12:47  SCV x3  
  47  12:59  SCV x2  
  42  13:29  Refinery x2  
  42  13:36  Raven  
  44  13:42  Factory  
  44  13:43  Refinery  
  44  13:44  Marine  
  44  13:45  SCV  
  44  13:46  SCV x3  
  49  13:55  Refinery  
  49  13:57  SCV  
  49  14:12  Building Armor  
  49  14:13  Marine  
  50  14:26  Raven  
  52  14:35  Factory Tech Lab  
  52  14:41  SCV, Starport  
  52  14:42  SCV x3  
  56  14:47  Raven  
  58  14:54  SCV x2  
  58  14:55  SCV x2  
  62  15:06  SCV x2  
  63  15:07  SCV x2  
  65  15:14  Raven  
  65  15:17  Siege Tank  
  65  15:18  Starport Tech Lab  
  70  15:23  SCV  
  70  15:26  Starport  
  70  15:27  SCV x2  
  70  15:28  SCV  
  74  15:35  SCV  
  75  15:39  SCV  
  76  15:53  SCV x2  
  76  16:02  SCV  
  76  16:11  SCV, Raven  
  75  16:33  Raven  
  75  16:34  Raven  
  75  16:38  Starport Tech Lab  
  70  16:52  SCV  
  70  16:53  SCV x2  
  70  16:54  SCV  
  76  17:14  Supply Depot x2  
  76  17:15  Armory, Supply Depot  
  76  17:22  Command Center  
Show
View Real Time Build Order
Export as new Build Order

TaylorGang Terran 

Build Orders: Bio Tank 

Get SALT Encoding   

  12  0:01  SCV  
  13  0:13  SCV  
  14  0:20  Supply Depot  
  14  0:25  SCV  
  15  0:30  Refinery  
  15  0:42  SCV  
  16  0:47  Barracks  
  16  0:54  SCV  
  17  1:08  SCV  
  18  1:20  SCV  
  19  1:34  Barracks Reactor  
  19  1:36  Orbital Command  
  19  1:47  Command Center  
  19  1:57  Factory  
  19  2:01  SCV  
  20  2:09  Supply Depot  
  20  2:15  Marine x2  
  21  2:20  SCV  
  23  2:28  Refinery  
  23  2:33  Marine x2  
  23  2:35  SCV  
  26  2:42  Factory Tech Lab  
  26  2:48  SCV, Starport  
  27  2:53  Marine x2  
  29  3:01  Orbital Command  
  29  3:09  SCV  
  30  3:13  Marine x2  
  32  3:21  SCV  
  32  3:22  Siege Tank  
  36  3:28  Starport Reactor  
  36  3:34  SCV  
  36  3:35  Supply Depot  
  36  3:38  SCV  
  38  3:45  Marine x2  
  38  3:46  SCV  
  41  3:50  SCV  
  41  3:54  Siege Tank  
  45  4:01  Supply Depot  
  45  4:03  Marine x2  
  47  4:11  Medivac  
  47  4:13  SCV  
  47  4:16  Refinery  
  50  4:17  SCV, Refinery  
  50  4:21  Marine x2  
  53  4:31  Barracks, SCV  
  53  4:32  Barracks  
  53  4:33  SCV  
  55  4:43  SCV  
  55  4:44  Marine x2  
  55  4:45  SCV  
  59  4:48  Siege Tank  
  62  4:54  Supply Depot  
  62  5:03  Engineering Bay  
  62  5:15  Marine x2  
  62  5:16  Medivac x2, SCV x2  
  62  5:17  Supply Depot  
  70  5:39  Siege Tank, SCV x2, Marine x2, Supply Depot  
  77  5:50  Barracks Tech Lab  
  77  5:51  SCV, Barracks Tech Lab  
  78  6:01  Medivac x2, SCV, Marine  
  78  6:02  Supply Depot  
  78  6:03  SCV  
  85  6:10  Combat Shields  
  85  6:12  Stimpack  
  85  6:13  SCV  
  86  6:24  Siege Tank, Marine  
  90  6:25  Supply Depot  
  90  6:26  Marine  
  90  6:27  Marine  
  90  6:28  Marine  
  93  6:36  Supply Depot  
  93  6:41  Marine  
  93  6:47  Medivac x2, Marine x2  
  94  6:48  Supply Depot  
  100  6:56  Marine  
  100  6:58  Siege Tank  
  100  7:01  Supply Depot  
  104  7:05  Marine x2  
  104  7:06  Marine  
  107  7:11  Supply Depot  
  107  7:14  Marine  
  107  7:15  Terran Infantry Armor Level 1  
  108  7:17  Medivac  
  110  7:23  Marine x2  
  110  7:24  Medivac  
  110  7:25  Marine  
  115  7:31  Marine  
  115  7:35  Siege Tank  
  119  7:45  Supply Depot  
  119  7:55  Marine x4  
  119  7:57  Medivac  
  125  8:07  Siege Tank  
  69  9:18  Marine x3  
  72  9:25  Marine  
  70  9:36  Marine x3  
  73  9:43  Marine  
  41  10:02  Marine x2  
  41  10:03  Marine x2  
  41  10:04  Medivac  
  41  10:05  Factory Tech Lab  
  47  10:20  Marine x2  
  49  10:23  Command Center  
  49  10:29  Marine x2  
  49  10:30  Siege Tank  
  49  10:35  Starport Reactor  
  54  10:38  Marine x2  
  56  10:47  Marine x2  
  47  11:00  Marine x2  
  47  11:02  Siege Tank  
  52  11:05  Marine x2  
  52  11:18  Marine  
  53  11:28  Marine x3  
  53  11:29  Medivac x2  
  59  11:34  Siege Tank  
  59  11:36  Marine  
  56  11:46  Marine x2  
  58  11:51  Marine  
  58  11:54  Marine  
  60  12:04  Marine x2  
  60  12:06  Siege Tank  
  65  12:12  Orbital Command  
  55  12:37  Marine x2  
  55  12:38  Siege Tank  
  60  12:45  SCV  
  60  12:49  SCV  
  62  12:55  Marine x2  
  62  12:57  SCV  
  65  13:02  SCV  
  66  13:09  SCV  
  63  13:14  SCV  
  58  13:21  SCV  
  58  13:26  SCV  
  43  13:32  Marine x4  
  47  13:37  Medivac x2  
  47  13:38  SCV  
  47  13:39  Siege Tank  
  55  13:48  Refinery x2  
  55  13:50  Marine x4  
  55  13:55  Terran Infantry Weapons Level 1  
  59  14:04  Barracks  
  59  14:06  Barracks  
  59  14:08  Marine x4  
  63  14:11  Siege Tank  
  66  14:21  Missile Turret  
  66  14:25  Marine  
  66  14:26  Marine x3  
  66  14:28  Missile Turret  
  70  14:32  Medivac x2  
  74  14:42  Missile Turret  
  74  14:43  Siege Tank, Marine x2  
  74  14:44  Marine x2  
  81  14:49  Missile Turret  
  81  14:53  Barracks  
  81  14:54  SCV  
  81  14:55  Barracks  
  81  14:59  Refinery x2  
  82  15:01  Marine x3  
  82  15:02  Marine  
  82  15:04  Missile Turret  
  82  15:06  SCV  
  87  15:10  Missile Turret  
  84  15:18  SCV  
  85  15:24  Missile Turret  
  85  15:26  Marine  
  85  15:27  Marine x3  
  89  15:30  SCV x2  
  89  15:31  Missile Turret  
  89  15:35  SCV  
  92  15:43  SCV x2  
  92  15:44  Marine  
  92  15:47  SCV  
  92  15:53  Missile Turret  
  92  15:55  SCV x2  
  88  15:59  SCV  
  89  16:07  SCV  
  82  16:22  Marine x4  
  59  16:40  Marine  
  60  16:48  Barracks Reactor  
  60  16:51  Barracks Reactor  
  60  16:53  Barracks Reactor  
  53  16:54  SCV  
  53  17:00  SCV  
  54  17:03  Barracks Reactor  
  54  17:06  SCV  
  55  17:12  SCV  
  60  17:20  Missile Turret  
  60  17:21  Missile Turret  
Tags
 
Add a new tag
Caveats
  • Supply blocks, unpowered buildings, or Contaminate may cause inaccurate times.
  • Supply counts are checked every 10 seconds.